 Dungeon Crawl Stone Soup version 0.25-a0-424-g80bd347ae0 (webtiles) character file.

Game seed: 794444771394668659, levelgen mode: deterministic

5959 Brandom the Jinx (level 10, -1/65 HPs)
             Began as a Deep Elf Conjurer on Jan 22, 2020.
             Was a Believer of Cheibriados.
             Slain by Urug
             ... wielding a +2 halberd
              (2 damage)
             ... on level 10 of the Dungeon.
             The game lasted 01:13:08 (13723 turns).

Brandom the Jinx (Deep Elf Conjurer)               Turns: 13723, Time: 01:13:09

Health: -1/65      AC:  8    Str: 12    XL:     10   Next: 54%
Magic:  2/21       EV: 19    Int: 29    God:    Cheibriados [**....]
Gold:   135        SH:  0    Dex: 19    Spells: 3/21 levels left

rFire    . . .     SeeInvis .   m - +10 long sword of the Egg {pain, *Rage +Blink rElec Int+4}
rCold    . . .     Gourm    .   (no shield)
rNeg     . . .     Faith    .   k - +0 leather armour
rPois    .         Spirit   .   p - +1 helmet
rElec    +         Reflect  .   I - +0 cloak
rCorr    .         Harm     .   t - +0 pair of gloves
MR       +....     Rnd*Rage +   n - +0 pair of boots
Stlth    ++........             (no amulet)
HPRegen  0.20/turn              (no ring)
MPRegen  0.17/turn              (no ring)

@: very slow
A: no striking features
a: Bend Time, Renounce Religion, Evoke Blink


You were on level 10 of the Dungeon.
You worshipped Cheibriados.
Cheibriados was pleased with you.
You were very hungry.

You visited 2 branches of the dungeon, and saw 11 of its levels.

You collected 135 gold pieces.

Inventory:

Hand Weapons
 b - a +0 club
   (You took it off a kobold on level 1 of the Dungeon)
 f - a +1 mace
   (You found it on level 1 of the Dungeon)
 m - the +10 long sword of the Egg (weapon) {pain, *Rage +Blink rElec Int+4}
   (You found it on level 10 of the Dungeon)

   In the hands of one skilled in necromantic magic, it inflicts extra damage on
   living creatures.
   It affects your intelligence (+4).
   It insulates you from electricity.
   It lets you blink.
   It may make you go berserk in combat.
 F - a +0 halberd of venom
   (You took it off Grum on level 8 of the Dungeon)
Missiles
 h - 161 stones (quivered)
 o - 9 javelins
 C - 5 boomerangs
Armour
 a - a +0 robe
 k - a +0 leather armour (worn)
   (You found it on level 1 of the Dungeon)
 n - a +0 pair of boots (worn)
   (You found it on level 1 of the Dungeon)
 p - a +1 helmet (worn)
   (You took it off Robin on level 2 of the Dungeon)
 t - a +0 pair of gloves (worn)
   (You found it on level 2 of the Dungeon)
 I - a +0 cloak (worn)
   (You found it on level 6 of the Dungeon)
Jewellery
 B - an uncursed amulet of rage
   (You found it on level 4 of the Dungeon)
Wands
 v - a wand of digging (13)
   (You found it on level 4 of the Dungeon)
Scrolls
 d - a scroll of magic mapping {unknown}
 g - a scroll of immolation {unknown}
 i - a scroll of enchant armour
 j - 3 scrolls of identify {@r1}
 r - a scroll of noise {unknown}
 x - a scroll of random uselessness {unknown}
 y - 2 scrolls of amnesia
 E - 2 scrolls of blinking {unknown}
 H - 3 scrolls of remove curse {@r2}
Potions
 c - 4 potions of flight {unknown}
 l - 3 potions of ambrosia {unknown}
 q - 2 potions of haste {unknown}
 s - a potion of resistance {unknown}
 u - a potion of brilliance
 w - 2 potions of lignification {!q}
 A - 2 potions of degeneration {!q}
 D - 2 potions of berserk rage
Comestibles
 e - 16 rations


   Skills:
 * Level 8.7 Fighting
 + Level 9.0 Dodging
 - Level 2.4 Stealth
 + Level 6.0 Spellcasting
 + Level 6.5 Conjurations
 - Level 9.1 Hexes
 + Level 0.3 Necromancy
 + Level 0.1 Fire Magic
 + Level 2.9 Invocations


You had 3 spell levels left.
You knew the following spells:

 Your Spells              Type           Power        Failure   Level  Hunger
a - Magic Dart            Conj           ####         1%          1    None
b - Searing Ray           Conj           #####.       1%          2    None
c - Fulminant Prism       Conj/Hex       ######....   2%          4    ###....
d - Dazzling Flash        Conj/Hex       ######       1%          3    None
e - Conjure Flame         Conj/Fire      ####....     5%          3    None
q - Sticky Flame          Conj/Fire      ####....     19%         4    ###....
z - Animate Skeleton      Necr           N/A          6%          1    None

Your spell library contained the following spells:

 Spells                   Type           Power        Failure   Level  Hunger
 Foxfire                  Conj/Fire      ####         1%          1    None
 Inner Flame              Hex/Fire       #####...     3%          3    None
 Pain                     Necr           ##..         6%          1    None
 Vampiric Draining        Necr           ##........   19%         3    None
 Iskenderun's Mystic Bla  Conj/Tloc      ####....     19%         4    ###....
 Fireball                 Conj/Fire      ####......   45%         5    #####..
 Animate Dead             Necr           N/A          52%         4    ###....
 Agony                    Necr           ##......     86%         5    #####..


Dungeon Overview and Level Annotations

Branches:
Dungeon (10/15)            Temple (1/1) D:7
   Lair: D:8-11         Orc: D:9-12

Altars:
Ashenzari
Cheibriados
Elyvilon
Fedhas
Gozag
Kikubaaqudgha
Makhleb
Nemelex Xobeh
Okawaru
Qazlal
Ru
Sif Muna
Trog
Uskayaw
Wu Jian
Xom
Yredelemnul
The Shining One

Annotations:
D:2 Sigmund
D:3 3 runed translucent doors, tilp's ghost, weakling TeAE
D:7 Harold
D:8 Maurice
D:9 3 runed translucent doors, MisterFreud's ghost, novice DrTm
D:10 Urug


Message History

Your fulminant prism crackles loudly.
The centaur shoots an arrow.
The arrow misses you.
The blast of energy engulfs Urug!
The blast of energy engulfs the centaur!
You hear a shout! x2
Urug is no longer blind.
Urug barely misses you.
The centaur unwields a +0 shortbow.
The centaur hits you. Urug barely misses you.
You barely miss Urug. The centaur misses you. The centaur barely misses you.
Urug misses you.
Unknown command.
You closely miss Urug. The centaur barely misses you. Urug misses you.
The centaur misses you.
You riposte.
You slash the centaur! You slash Urug! The centaur hits you!
Urug hits you with a +2 halberd. The centaur misses you.
You closely miss Urug. The centaur barely misses you.
You riposte.
You hit the centaur.
You kill the centaur!
Cheibriados thoroughly appreciates the change of pace.
Urug closely misses you.
You hit Urug but do no damage. Urug hits you with a +2 halberd!
Unknown command.
Okay, then.
Urug barely misses you. Urug completely misses you.
You see here an arrow.
Urug throws a javelin.
The javelin barely misses you.
You see here a javelin.
Urug completely misses you.
Aim: Urug, wielding a +2 halberd, wearing a +0 scale mail and quivering 2 javelins (severely wounded)
The sticky flame hits Urug but does no damage.
Urug is covered in liquid flames!
Urug burns!
Urug hits you with a +2 halberd!
* * * LOW HITPOINT WARNING * * *
Urug burns!
Urug hits you from afar with a +2 halberd.
* * * LOW HITPOINT WARNING * * *
You see here a javelin.
Urug barely misses you.
You see here an arrow.
Urug throws a javelin.
The javelin pierces through you!
* * * LOW HITPOINT WARNING * * *
Urug throws a javelin.
The javelin pierces through you!
* * * LOW HITPOINT WARNING * * *
You see here a worker ant corpse.
Okay, then.
Okay, then.
You don't have enough magic to cast that spell.
There is nothing here that can be animated!
There is a stone staircase leading up here.
Urug hits you from afar with a +2 halberd.
You die...

.######.# #.#
........# #.#
..#####.###.####
...........#
........##.#
.##.######.# #.
#.######.# #
#(.....#.#
#.##...@.o#(###.###
...(...†..(........
..###...).#(###.##.
#.....#.#
.....###..# #####
#.### #.# #. #


You could see Urug.

Vanquished Creatures
  A two-headed ogre (D:9)
  2 hippogriffs
  A wraith (D:10)
  Grum (D:8)
  Menkaure (D:6)
  2 soldier ants (D:9)
  A water moccasin (D:9)
  2 sky beasts
  An ice beast (D:9)
  4 orc warriors
  A necrophage (D:7)
  2 ogres
  5 centaurs
  2 wolves (D:8)
  3 big kobolds
  A wyvern zombie (D:9)
  4 bullfrogs
  A gnoll sergeant (D:5)
  4 scorpions
  9 killer bees (D:10)
  4 wights (D:6)
  3 howler monkeys (D:8)
  4 crimson imps
  A centaur zombie (D:8)
  4 hounds
  2 bullfrog zombies
  6 orc priests
  A jelly (D:5)
  2 centaur skeletons
  A gnoll shaman (D:5)
  An iguana (D:7)
  6 worker ants
  7 orc wizards
  2 hound zombies (D:6)
  Robin (D:2)
  8 gnolls (D:5)
  A worker ant zombie (D:8)
  5 adders
  An adder skeleton (D:6)
  3 worms
  A dart slug (D:3)
  2 leopard geckos
  23 orcs
  4 giant cockroaches
  11 goblins
  16 hobgoblins
  14 jackals
  21 kobolds
  4 quokkas
  7 bats
  5 frilled lizards
  2 jackal skeletons
  A leopard gecko skeleton (D:6)
  2 quokka skeletons
  3 rats
227 creatures vanquished.

Vanquished Creatures (others)
  29 fulminant prisms
29 creatures vanquished.

Grand Total: 256 creatures vanquished

Notes
Turn   | Place    | Note
-------+----------+-------------------------------------------
     0 | D:1      | Brandom the Deep Elf Conjurer began the quest for the Orb.
     0 | D:1      | Reached XP level 1. HP: 10/10 MP: 6/6
   225 | D:1      | Reached XP level 2. HP: 16/16 MP: 6/8
   327 | D:1      | Reached skill level 1 in Fighting
   492 | D:1      | Learned a level 2 spell: Searing Ray
   919 | D:1      | Reached XP level 3. HP: 20/20 MP: 3/9
  1309 | D:2      | Noticed Robin
  1621 | D:2      | Killed Robin
  1740 | D:2      | Reached XP level 4. HP: 25/26 MP: 11/11
  1755 | D:2      | Learned a level 4 spell: Fulminant Prism
  1913 | D:2      | Noticed Sigmund
  2352 | D:3      | Found a runed translucent gate.
  2353 | D:3      | Found a runed translucent gate.
  2354 | D:3      | Found a runed translucent gate.
  2355 | D:3      | Noticed tilp's ghost (weakling TeAE)
  2356 | D:3      | Noticed a big kobold
  2671 | D:3      | Reached skill level 5 in Conjurations
  2671 | D:3      | Reached skill level 1 in Hexes
  2671 | D:3      | Reached XP level 5. HP: 31/31 MP: 8/12
  3224 | D:4      | Found a glowing golden altar of the Shining One.
  3453 | D:4      | Reached XP level 6. HP: 37/37 MP: 8/14
  4029 | D:5      | Entered Level 5 of the Dungeon
  4061 | D:5      | Noticed a hippogriff
  4079 | D:5      | Killed a hippogriff
  4270 | D:5      | Reached XP level 7. HP: 41/42 MP: 9/15
  4520 | D:5      | Reached skill level 5 in Dodging
  4813 | D:5      | Found a sparkling altar of Nemelex Xobeh.
  6061 | D:6      | Reached skill level 5 in Fighting
  6159 | D:6      | Reached skill level 5 in Hexes
  6305 | D:6      | Reached XP level 8. HP: 49/49 MP: 10/16
  6559 | D:6      | Noticed Menkaure
  6567 | D:6      | Killed Menkaure
  6589 | D:5      | Learned a level 3 spell: Dazzling Flash
  7543 | D:6      | Found an opulent altar of Gozag.
  7855 | D:7      | Reached XP level 9. HP: 52/56 MP: 7/17
  8373 | D:7      | Noticed Harold
  9005 | D:7      | Found a staircase to the Ecumenical Temple.
  9016 | Temple   | Entered the Ecumenical Temple
  9600 | D:8      | Noticed Maurice
 10043 | D:8      | Noticed Grum
 10068 | D:8      | Killed Grum
 10214 | D:8      | Paralysed by Maurice for 4 turns
 10239 | D:8      | Paralysed by Maurice for 4 turns
 10664 | Temple   | Became a worshipper of Cheibriados the Contemplative
 10995 | D:9      | Reached skill level 5 in Spellcasting
 11644 | D:9      | Reached XP level 10. HP: 62/64 MP: 2/19
 11807 | D:9      | Reached skill level 1 in Invocations
 11908 | D:9      | Reached * piety under Cheibriados
 12127 | D:9      | Found a runed translucent gate.
 12127 | D:9      | Found a runed translucent gate.
 12243 | D:9      | Noticed a two-headed ogre
 12637 | D:9      | Killed a two-headed ogre
 13034 | D:9      | Learned a level 1 spell: Animate Skeleton
 13084 | D:9      | Noticed a spectral centaur warrior
 13085 | D:9      | Found a runed translucent gate.
 13086 | D:9      | Noticed a spectral centaur warrior
 13086 | D:9      | Noticed a spectral centaur warrior
 13088 | D:9      | Noticed MisterFreud's ghost (novice DrTm)
 13175 | D:10     | Entered Level 10 of the Dungeon
 13450 | D:10     | Reached ** piety under Cheibriados
 13634 | D:10     | Learned a level 3 spell: Conjure Flame
 13639 | D:10     | Learned a level 4 spell: Sticky Flame
 13667 | D:10     | Got an iridescent long sword
 13668 | D:10     | Identified the +10 long sword of the Egg {pain, *Rage
                  | +Blink rElec Int+4} (You found it on level 10 of the
                  | Dungeon)
 13690 | D:10     | Noticed Urug
 13721 | D:10     | HP: 1/65 [Urug/javelin (9)]
 13723 | D:10     | Slain by Urug

Levels and vault maps discovered:
D:1:      ncdulo_smallfort, layout_basic
D:2:      kennysheep_big_flooded_room, layout_basic, uniq_sigmund, uniq_robin
D:3:      layout_loops_ring, first_ration, gammafunk_ghost_nasty_kobolds
D:4:      layout_rooms, lemuel_tele_altar
D:5:      layout_layer_cave, basic_altar, wad_floor_pattern_2
D:6:      layout_rooms, nicolae_gozag_seed_capital, uniq_menkaure
D:7:      layout_loops_ring, temple_fountains, uniq_harold
D:8:      layout_basic, grunt_temple_overflow_cloverleaf, uniq_grum,
          uniq_maurice, uniq_psyche
D:9:      layout_roguey, gammafunk_ghost_necromancy, hangedman_pestilent_swarm,
          serial_bayou_pond_e, grunt_decor_one_mirror
D:10:     layout_loops_ring, uniq_urug
Temple:   dpeg_five_rooms_temple

Skill      XL: |  1  2  3  4  5  6  7  8  9 10 |
---------------+-------------------------------+-----
Fighting       | 1 2 3 5 6 8 |  8.7
Dodging        | 3 4 5 7 8 9 |  9.0
Conjurations   | 5 6 |  6.5
Hexes          | 1 2 3 5 6 8 9 |  9.1
Spellcasting   | 4 5 6 |  6.0
Invocations    | 2 |  2.9
Stealth        | |  2.4
Necromancy     | |  0.3
Fire Magic     | |  0.1

Action                   |  1- 3 |  4- 6 |  7- 9 | 10-12 || total
-------------------------+-------+-------+-------+-------++-------
Melee: Mace              |    14 |    24 |    34 |       ||    72
       Halberd           |       |       |    38 |    17 ||    55
       Long sword        |       |       |       |     6 ||     6
Throw: Boomerang         |       |       |     4 |       ||     4
       Throwing net      |       |       |     4 |       ||     4
       Javelin           |       |       |     3 |       ||     3
 Cast: Magic Dart        |    87 |   101 |   328 |    37 ||   553
       Searing Ray       |     1 |     3 |    26 |    19 ||    49
       Fulminant Prism   |       |       |    21 |     8 ||    29
       Dazzling Flash    |       |       |     7 |     3 ||    10
       Sticky Flame      |       |       |       |     1 ||     1
  Use: Scroll            |       |     1 |    18 |       ||    19
       Potion            |       |       |     5 |       ||     5
 Stab: Sleeping          |     1 |       |       |       ||     1
  Eat: Chunk             |     2 |     6 |    12 |     3 ||    23
       Ration            |       |     1 |     4 |       ||     5
Armor: Robe              |     5 |       |       |       ||     5
       Leather armour    |     9 |    13 |    67 |    14 ||   103
Dodge: Dodged            |    29 |    43 |   192 |    91 ||   355
       Rpst.: Long sword |       |       |       |     2 ||     2

Table legend:
 A = Non-vault XP
 B = Vault XP
 C = Vault XP percentage of total XP
 D = Non-vault monster count
 E = Vault monster count
 F = Vault count percentage of total count
                 A         B        C        D         E       F
            +---------+---------+-------+---------+---------+-------
      Total |    7526 |     988 |  11.6 |     204 |      23 |  10.1
            +---------+---------+-------+---------+---------+-------
        D:1 |      47 |       4 |   7.8 |      27 |       2 |   6.9
        D:2 |      21 |      37 |  63.8 |      13 |      13 |  50.0
        D:3 |     148 |       0 |   0.0 |      18 |       0 |   0.0
        D:4 |     130 |       0 |   0.0 |       5 |       0 |   0.0
        D:5 |     899 |       0 |   0.0 |      26 |       0 |   0.0
        D:6 |    1322 |     169 |  11.3 |      32 |       1 |   3.0
        D:7 |     782 |       0 |   0.0 |      21 |       0 |   0.0
        D:8 |     926 |     423 |  31.4 |      24 |       3 |  11.1
        D:9 |    2222 |     355 |  13.8 |      18 |       4 |  18.2
       D:10 |    1029 |       0 |   0.0 |      20 |       0 |   0.0
            +---------+---------+-------+---------+---------+-------
